 Dungeon Crawl Stone Soup version 0.27-a0-1301-g128193abf8 (webtiles) character file.

Game seed: 2163631673628764194

3946 DeathSun the Cleaver (level 10, -9/88 HPs)
             Began as a Hill Orc Fighter on June 17, 2021.
             Was a Follower of Uskayaw.
             Killed by divine providence
             ... invoked by a meliai
              (10 damage)
             ... on level 9 of the Dungeon.
             The game lasted 00:23:37 (9250 turns).

DeathSun the Cleaver (Hill Orc Fighter)             Turns: 9250, Time: 00:23:37

Health: -9/88      AC: 10    Str: 23    XL:     10   Next: 21%
Magic:  0/15       EV: 15    Int:  8    God:    Uskayaw [*.....]
Gold:   496        SH:  9    Dex: 10    Spells: 9/9 levels left

rFire    . . .     SeeInvis .   a - +0 war axe
rCold    . . .     Faith    .   c - +0 kite shield
rNeg     . . .     Spirit   +   b - +0 scale mail
rPois    .         Reflect  .   r - +0 helmet
rElec    .         Harm     .   K - +0 cloak
rCorr    .         Rampage  .   o - +0 pair of gloves
Will     .....                  (no boots)
Stlth    ..........             v - amulet of guardian spirit
HPRegen  0.24/turn              p - +4 ring of evasion
MPRegen  0.14/turn              i - +4 ring of evasion

@: lethally poisoned (-9 -> -11)
A: no striking features
a: Renounce Religion, Stomp


You were on level 9 of the Dungeon.
You worshipped Uskayaw.
Uskayaw was noncommittal.
You visited 1 branch of the dungeon, and saw 9 of its levels.

You collected 496 gold pieces.

Inventory:

Hand Weapons
 a - a +0 war axe (weapon)
 q - a +1 vorpal quarterstaff
Missiles
 k - 7 boomerangs (quivered)
 A - 3 throwing nets
Armour
 b - a +0 scale mail (worn)
 c - a +0 kite shield (worn)
 o - a +0 pair of gloves (worn)
 r - a +0 helmet (worn)
 K - a +0 cloak (worn)
 L - a +0 plate armour
Jewellery
 f - a ring of magical power
 i - a +4 ring of evasion (right hand)
 l - a +6 ring of intelligence
 p - a +4 ring of evasion (left hand)
 t - a ring of protection from cold
 v - an amulet of guardian spirit (around neck)
 w - a +4 ring of evasion
Wands
 d - a wand of polymorph (24)
 G - a wand of iceblast (7)
Scrolls
 g - 3 scrolls of fear
 h - a scroll of vulnerability {unknown}
 j - 3 scrolls of noise
 n - a scroll of fog {unknown}
 u - 4 scrolls of teleportation
 y - a scroll of enchant weapon {unknown}
 B - a scroll of silence {unknown}
 D - a scroll of enchant armour {unknown}
 E - a scroll of brand weapon {unknown}
 I - a scroll of blinking {unknown}
 J - a scroll of holy word {unknown}
 M - a scroll of identify
Potions
 e - 4 potions of curing
 m - a potion of lignification {unknown}
 s - 3 potions of magic
 x - a potion of invisibility {unknown}
 C - 2 potions of attraction
 F - a potion of mutation {unknown}
 H - a potion of brilliance {unknown}


   Skills:
 - Level 8.0 Fighting
 * Level 14.9 Axes
 - Level 3.2 Armour
 - Level 3.2 Shields
 - Level 7.0 Invocations


You had 9 spell levels left.
You didn't know any spells.
Your spell library contained the following spells:

 Spells                   Type           Power      Damage    Failure   Level
 Corona                   Hex            0%         N/A       99%         1
 Shock                    Conj/Air       0%         1d3       99%         1
 Ensorcelled Hibernation  Hex/Ice        0%         N/A       100%        2
 Slow                     Hex            0%         N/A       100%        2
 Static Discharge         Conj/Air       0%         N/A       100%        2
 Confusing Touch          Hex            0%         N/A       100%        3
 Dazzling Flash           Conj/Hex       0%         N/A       100%        3
 Inner Flame              Hex/Fire       0%         N/A       100%        3
 Portal Projectile        Hex/Tloc       0%         N/A       100%        3
 Swiftness                Air            0%         N/A       100%        3
 Tukima's Dance           Hex            0%         N/A       100%        3
 Airstrike                Air            0%         N/A       100%        4
 Cause Fear               Hex            0%         N/A       100%        4
 Leda's Liquefaction      Hex/Erth       0%         N/A       100%        4
 Lightning Bolt           Conj/Air       0%         1d11      100%        5


Dungeon Overview and Level Annotations

Branches:
Dungeon (9/15)             Temple (0/1) D:5            Lair (0/6) D:9
    Orc: D:9-12

Altars:
Ashenzari
Cheibriados
Okawaru
Uskayaw
Xom
The Shining One

Shops:
D:5 *

Annotations:
D:9 Xenoroth's ghost, novice TrBe


Message History

Something smites you!
* * * LOW HITPOINT WARNING * * *
The meliai mumbles some strange prayers to its god against you.
Something smites you!
* * * LOW HITPOINT WARNING * * *
You feel much better.
You feel sick. You block the meliai's attack. The meliai barely misses you.
The meliai hits you with a +0 war axe!
* * * LOW HITPOINT WARNING * * *
The meliai stings you but does no damage.
Unknown command.
Press: ? - help, v - describe, . - travel
Here: a meliai, wielding a +0 war axe and wearing a +0 leather armour (almost dead)
The floor, spattered with blood.
There are monsters nearby!
Press: ? - help, v - describe, . - travel
Here: a meliai, wielding a +0 war axe and wearing a +0 robe The floor.
You closely miss the meliai.
The meliai is almost dead.
You feel sick.
The meliai calls down the wrath of its god upon you.
Something smites you!
* * * LOW HITPOINT WARNING * * *
The meliai barely misses you.
The meliai stings you but does no damage.
The meliai calls upon its god to heal the meliai.
The meliai is healed somewhat.
The meliai barely misses you. You block the meliai's attack.
You slash the meliai!
You kill the meliai!
You feel sick. The meliai hits you with a +0 war axe.
* * * LOW HITPOINT WARNING * * *
The meliai stings you.
* * * LOW HITPOINT WARNING * * *
You miss the meliai.
* * * LOW HITPOINT WARNING * * *
You feel sick.
The meliai mumbles some strange prayers to its god against you.
Something smites you!
You die...

# .## .... ###
#..## #.. ......
#.####...###
#.##........ #
#.##@#..# #.
#.##y#.<#
##..#####.##y#..#
.#...............#
y................#
.#....y.#####.####
......<.. #.# ##
...###.#.#
#.#######...# .#
#. .#
#...<........


You could see 2 meliai.

Vanquished Creatures
  A meliai (D:9)
  Sigmund (D:2)
  Eustachio (D:4)
  A warg (D:8)
  Edmund (D:5)
  An acid dragon (D:8)
  3 sky beasts
  4 ice beasts
  2 black bears (D:6)
  3 ogres
  A necrophage (D:6)
  3 centaurs
  A phantom (D:7)
  A kobold brigand (D:8)
  2 bullfrogs
  A gnoll sergeant (D:6)
  A water moccasin skeleton (D:4)
  4 howler monkeys
  A bullfrog zombie (D:7)
  A centaur zombie (D:6)
  4 crimson imps (D:4)
  4 jellies
  3 hounds
  3 bullfrog skeletons
  A gnoll shaman (D:7)
  5 orc priests
  An iguana (D:6)
  7 orc wizards
  A killer bee zombie (D:8)
  A howler monkey zombie (D:5)
  Robin (D:2)
  3 adders
  9 gnolls
  A white imp (D:6)
  An ufetubus (D:6)
  2 worms
  5 dart slugs
  21 orcs
  4 bats
  7 endoplasms
  2 giant cockroaches
  10 goblins
  10 hobgoblins
  2 quokkas (D:1)
  4 ball pythons
  10 kobolds
  5 rats
161 creatures vanquished.

Vanquished Creatures (others)
  A plant (D:9)
1 creature vanquished.

Grand Total: 162 creatures vanquished

Notes
Turn   | Place    | Note
-------+----------+-------------------------------------------
     0 | D:1      | DeathSun the Hill Orc Fighter began the quest for the Orb.
     0 | D:1      | Reached XP level 1. HP: 19/19 MP: 1/1
   175 | D:1      | Reached skill level 3 in Axes
   392 | D:1      | Reached XP level 2. HP: 26/26 MP: 2/2
   573 | D:1      | Reached skill level 4 in Axes
  1000 | D:2      | Found a faded altar of an unknown god.
  1001 | D:2      | Noticed Sigmund
  1341 | D:2      | Became a worshipper of Uskayaw the Reveller
  1341 | D:2      | Reached * piety under Uskayaw
  1358 | D:2      | Reached ** piety under Uskayaw
  1359 | D:2      | Reached XP level 3. HP: 22/31 MP: 3/3
  1492 | D:2      | Noticed Robin
  1666 | D:1      | Reached skill level 1 in Invocations
  1827 | D:3      | Noticed an ice beast
  1867 | D:3      | Noticed an ogre
  1881 | D:3      | You fall into a shaft and drop 1 floor!
  1966 | D:4      | Reached skill level 5 in Axes
  2014 | D:4      | Found a shimmering altar of Xom.
  2033 | D:4      | Reached XP level 4. HP: 10/39 MP: 6/6
  2318 | D:2      | Killed Robin
  2604 | D:2      | Reached XP level 5. HP: 45/45 MP: 7/7
  3109 | D:3      | Killed an ice beast
  3110 | D:3      | Reached skill level 6 in Axes
  3282 | D:4      | Reached XP level 6. HP: 51/51 MP: 9/9
  3283 | D:4      | Reached *** piety under Uskayaw
  3398 | D:4      | Reached skill level 5 in Invocations
  3400 | D:4      | Noticed Eustachio
  3431 | D:4      | Reached skill level 7 in Axes
  3431 | D:4      | Reached **** piety under Uskayaw
  3432 | D:4      | Killed Eustachio
  3433 | D:4      | Reached XP level 7. HP: 57/57 MP: 9/11
  3594 | D:4      | Found a broken altar of Ashenzari.
  3814 | D:5      | Entered Level 5 of the Dungeon
  3814 | D:5      | Found Akuolilin's Assorted Antiques.
  3814 | D:5      | Noticed Edmund
  3852 | D:4      | Reached skill level 8 in Axes
  4560 | D:5      | Found a glowing golden altar of the Shining One.
  4649 | D:5      | Found a staircase to the Ecumenical Temple.
  4659 | D:5      | Reached skill level 9 in Axes
  4842 | D:5      | Killed Edmund
  4843 | D:5      | Reached XP level 8. HP: 19/64 MP: 8/13
  5294 | D:6      | Reached skill level 10 in Axes
  5504 | D:6      | Reached skill level 11 in Axes
  6000 | D:6      | Reached skill level 5 in Fighting
  6000 | D:6      | Reached XP level 9. HP: 66/74 MP: 11/14
  6065 | D:6      | You fall into a shaft and drop 2 floors!
  6088 | D:8      | Reached skill level 12 in Axes
  6122 | D:7      | Reached ***** piety under Uskayaw
  6785 | D:6      | Reached skill level 13 in Axes
  7212 | D:3      | You fall into a shaft and drop 3 floors!
  7446 | D:2      | Killed Sigmund
  7760 | D:7      | Reached skill level 14 in Axes
  8294 | D:7      | Reached XP level 10. HP: 85/86 MP: 13/15
  8311 | D:7      | Found a snail-covered altar of Cheibriados.
  8531 | D:8      | Found an iron altar of Okawaru.
  8733 | D:8      | Noticed a two-headed ogre
  9071 | D:9      | Noticed Xenoroth's ghost (novice TrBe)
  9096 | D:9      | Noticed a two-headed ogre
  9097 | D:9      | Found a staircase to the Lair.
  9249 | D:9      | HP: 4/88 [poisoned by a meliai]
  9249 | D:9      | HP: 1/88 [meliai (1)]
  9250 | D:9      | Killed from afar by a meliai

Illustrated notes

Levels and vault maps discovered:
D:1:      nzn_arrival_settlement, layout_basic, hangedman_decor_clover_reticule,
          grunt_decor_arrowhead, st_stairs_10, chequers_serial_rivers_large_b
D:2:      layout_rooms, hellmonk_ecumenical_altar_run_dry, uniq_robin,
          uniq_sigmund
D:3:      layout_rooms
D:4:      minmay_wonky_spiral, layout_rooms, led_xom_imps,
          general_overflow_altar, minmay_parallelograms, grunt_decor_cap,
          uniq_eustachio
D:5:      layout_loops_ring, nicolae_tso_carved_into_rock,
          minmay_temple_entry_antechambers, minmay_misc_feat_iff,
          nicolae_stop_n_shop_1, uniq_edmund
D:6:      layout_basic
D:7:      layout_rooms, marbit_many_paths
D:8:      layout_rooms, okawaru_gym_becter
D:9:      gammafunk_boulding_lane, layout_loops_ring,
          grunt_temple_overflow_forces_of_nature, erik_lair_orcish_takeover,
          gammafunk_ghost_hive, hangedman_decor_opposing

Skill      XL: |  1  2  3  4  5  6  7  8  9 10 |
---------------+-------------------------------+-----
Axes           | 3 4 5 6 7 9 11 14 | 14.9
Invocations    | 2 3 4 6 7 |  7.0
Fighting       | 5 7 8 |  8.0
Armour         | |  3.2
Shields        | |  3.2

Action                   |  1- 3 |  4- 6 |  7- 9 | 10-12 || total
-------------------------+-------+-------+-------+-------++-------
Melee: War axe           |    93 |    77 |   313 |    86 ||   569
Throw: Boomerang         |       |       |     3 |       ||     3
Invok: Stomp             |     2 |       |     6 |     2 ||    10
       Line Pass         |       |       |     3 |       ||     3
  Use: Potion            |       |     1 |     1 |     3 ||     5
       Scroll            |       |       |     1 |     5 ||     6
 Stab: Paralysed         |       |     3 |    16 |     2 ||    21
Armor: Scale mail        |    28 |    27 |    84 |    32 ||   171
Dodge: Dodged            |    33 |    40 |   165 |    55 ||   293
Block: Kite shield       |    61 |    37 |   136 |    45 ||   279

Table legend: (Time is in decaauts)
 A = Elapsed time spent in this place.
 B = Non-inter-level travel time spent in this place.
 C = Inter-level travel time spent in this place.
 D = Time resting spent in this place.
 E = Time spent auto-exploring this place.
 F = Levels seen in this place.
 G = Mean time per level.
                   A        B        C        D        E       F      G
               +--------+--------+--------+--------+--------+-----+--------+
         Total |   9448 |   8614 |    834 |   1889 |   4423 |   9 | 1049.8 |
       Dungeon |   9448 |   8614 |    834 |   1889 |   4423 |   9 | 1049.8 |
               +--------+--------+--------+--------+--------+-----+--------+

Top non-repeatable levels by time:
     D:1: 1901 daAuts
     D:6: 1502 daAuts
     D:5: 1441 daAuts
     D:2: 1109 daAuts
     D:4: 1049 daAuts
     D:7: 896 daAuts
     D:8: 771 daAuts
     D:3: 688 daAuts
     D:9: 87 daAuts
